 Dungeon Crawl Stone Soup version 0.24.0-37-gcf1ca852f1 (webtiles) character file.

Game seed: 11354546974379399051, levelgen mode: deterministic

1694 grindst0ne the Gusty (level 9, 0/65 HPs)
             Began as a Gnoll Wanderer on Nov 30, 2019.
             Was an Initiate of Makhleb.
             Slain by a two-headed ogre
             ... wielding a +0 giant spiked club
              (1 damage)
             ... on level 6 of the Dungeon.
             The game lasted 00:16:44 (6951 turns).

grindst0ne the Gusty (Gnoll Wanderer)               Turns: 6951, Time: 00:16:45

Health: 0/65       AC:  5    Str: 10    XL:     9   Next: 2%
Magic:  19/25      EV: 13    Int: 17    God:    Makhleb [......]
Gold:   415        SH:  0    Dex: 16    Spells: 9/17 levels left

rFire    . . .     SeeInvis .   a - +0 war axe
rCold    + . .     Gourm    .   (no shield)
rNeg     . . .     Faith    .   c - +1 leather armour {rC+}
rPois    +         Spirit   .   (no helmet)
rElec    .         Reflect  .   (no cloak)
rCorr    .         Harm     .   b - +0 pair of gloves
MR       .....                  (no boots)
Stlth    +++.......             B - amulet of the acrobat
HPRegen  0.20/turn              v - ring of Beddav {+Blink +Fly rPois Str-4 Stlth+}
MPRegen  0.19/turn              E - ring of magical power

@: no status effects
A: distributed training, fangs 1, strong nose
a: Renounce Religion, Evoke Blink, Evoke Flight


You were on level 6 of the Dungeon.
You worshipped Makhleb.
Makhleb was noncommittal.
You were not hungry.

You visited 2 branches of the dungeon, and saw 7 of its levels.

You collected 415 gold pieces.

Inventory:

Hand Weapons
 a - a +0 war axe (weapon)
 e - a +1 dagger of holy wrath
Missiles
 m - 36 poisoned darts (quivered)
Armour
 b - a +0 pair of gloves (worn)
 c - a +1 leather armour of cold resistance (worn)
 d - a +0 robe
 y - a +0 plate armour
 A - a +0 chain mail
Magical Staves
 h - an uncursed staff of summoning
Jewellery
 s - an uncursed ring of protection from fire
 v - the ring of Beddav (left hand) {+Blink +Fly rPois Str-4 Stlth+}
   (You found it on level 4 of the Dungeon)

   [ring of stealth]

   It affects your strength (-4).
   It protects you from poison.
   It lets you fly.
   It lets you blink.
   It makes you more stealthy.
 B - an amulet of the acrobat (around neck)
 E - a ring of magical power (right hand)
Wands
 t - a wand of flame (5)
 u - a wand of polymorph (5)
Scrolls
 g - 3 scrolls of amnesia
 j - 2 scrolls of enchant weapon {unknown}
 n - 4 scrolls of remove curse
 p - a scroll of magic mapping {unknown}
 r - a scroll of fear {unknown}
 x - a scroll of enchant armour {unknown}
 z - a scroll of immolation {unknown}
 C - a scroll of random uselessness {unknown}
 G - a scroll of fog {unknown}
Potions
 k - a potion of lignification {unknown}
 l - a potion of resistance {unknown}
 o - 2 potions of haste
 q - a potion of ambrosia {unknown}
 w - a potion of magic
Comestibles
 f - 13 rations


   Skills:
 + Level 3.7 Fighting
 + Level 3.7 Short Blades
 + Level 3.7 Long Blades
 + Level 3.7 Axes
 + Level 3.7 Maces & Flails
 + Level 3.7 Polearms
 + Level 3.7 Staves
 + Level 3.7 Slings
 + Level 3.7 Bows
 + Level 3.7 Crossbows
 + Level 4.6 Throwing
 + Level 3.7 Armour
 + Level 3.7 Dodging
 + Level 3.7 Stealth
 + Level 4.6 Shields
 + Level 3.7 Unarmed Combat
 + Level 4.7 Spellcasting
 + Level 3.0 Conjurations
 + Level 3.0 Hexes
 + Level 3.8 Charms
 + Level 3.0 Summonings
 + Level 3.8 Necromancy
 + Level 3.0 Translocations
 + Level 3.0 Transmutations
 + Level 4.9 Fire Magic
 + Level 3.0 Ice Magic
 + Level 6.3 Air Magic
 + Level 3.0 Earth Magic
 + Level 3.0 Poison Magic
 + Level 4.1 Invocations
 + Level 3.7 Evocations


You had 9 spell levels left.
You knew the following spells:

 Your Spells              Type           Power        Failure   Level  Hunger
a - Shock                 Conj/Air       ###.         2%          1    None
b - Airstrike             Air            ####......   14%         4    ####...
c - Static Discharge      Conj/Air       ###.....     9%          3    ###....

Your spell library contained the following spells:

 Spells                   Type           Power        Failure   Level  Hunger
 Swiftness                Chrm/Air       ###.....     3%          2    #......
 Throw Flame              Conj/Fire      ###...       5%          2    #......
 Throw Frost              Conj/Ice       ##....       9%          2    #......
 Lightning Bolt           Conj/Air       ###.......   61%         5    ######.


Dungeon Overview and Level Annotations

Branches:
Dungeon (6/15)             Temple (1/1) D:6

Altars:
Ashenzari
Dithmenos
Gozag
Hepliaklqana
Makhleb
Nemelex Xobeh
Okawaru
Uskayaw
Vehumet
Wu Jian
Xom
The Shining One

Annotations:
D:5 exclusion: downstairs


Innate Abilities, Weirdness & Mutations

Your experience applies equally to all skills.
You have very sharp teeth.
Your uncanny sense of smell can sniff out nearby items.


Message History

The two-headed ogre is struck by an arc of lightning.
The two-headed ogre is almost dead.
The lightning grounds out.
The two-headed ogre hits you with a +0 giant spiked club!!
* * * LOW HITPOINT WARNING * * *
The two-headed ogre closely misses you.
Throwing (i - inventory)
m - 37 poisoned darts (quivered)
Press: ? - help, Shift-Dir - straight line, f/p - two-headed ogre
Aim: a two-headed ogre, wielding a +0 giant spiked club and a +0 giant club (almost dead)
You throw a poisoned dart.
The poisoned dart hits the two-headed ogre!
The two-headed ogre is poisoned.
The two-headed ogre is almost dead.
There is a stone staircase leading down here.
You hit the two-headed ogre.
The two-headed ogre is almost dead.
The two-headed ogre hits you with a +0 giant spiked club!
* * * LOW HITPOINT WARNING * * *
The two-headed ogre hits you with a +0 giant club.
You die...

#########....##
###
#...........##
# #..........##
##.<.......##
##.........##
##...###....##
# #...##
##....######
#.O##
###....##..
#.#@# ##.......
###(# ###...##
#.# #.### ###
#.# ###


You could see a two-headed ogre.

Vanquished Creatures
  Grinder (D:3)
  A hippogriff (D:6)
  A phantom (D:4)
  3 ogres
  A centaur (D:6)
  A big kobold (D:5)
  2 howler monkeys
  2 crimson imps
  A bullfrog zombie (D:6)
  A hound (D:6)
  4 jellies
  2 orc priests
  A centaur skeleton (D:4)
  4 orc wizards
  4 worker ants
  A killer bee zombie (D:5)
  A howler monkey zombie (D:6)
  4 adders
  A howler monkey skeleton (D:6)
  2 shadow imps (D:5)
  3 oozes (D:5)
  4 dart slugs
  5 leopard geckos
  16 orcs
  3 giant cockroaches
  7 goblins
  8 hobgoblins
  4 jackals (D:4)
  12 kobolds
  A ball python (D:5)
  7 bats
  2 frilled lizards
  A quokka zombie (D:6)
  8 rats
119 creatures vanquished.

Vanquished Creatures (others)
  9 fungi (D:5)
  6 toadstools (D:5)
15 creatures vanquished.

Grand Total: 134 creatures vanquished

Notes
Turn   | Place    | Note
-------+----------+-------------------------------------------
     0 | D:1      | grindst0ne the Gnoll Wanderer began the quest for the Orb.
     0 | D:1      | grindst0ne set off with the following items: a +0 dagger, a
                  | potion of curing, a +0 robe, a ration; and the following
                  | spell memorised: Shock; and the following spells available
                  | to memorise: Swiftness, Throw Flame, Static Discharge,
                  | Airstrike, Throw Frost, Lightning Bolt
     0 | D:1      | Reached XP level 1. HP: 13/13 MP: 4/4
   416 | D:1      | Reached XP level 2. HP: 15/19 MP: 5/5
   765 | D:1      | HP: 1/20 [kobold/+0 dagger (3)]
  1220 | D:1      | Reached XP level 3. HP: 25/25 MP: 1/7
  1766 | D:2      | Reached skill level 1 in Invocations
  2062 | D:2      | Reached skill level 1 in Fighting
  2062 | D:2      | Reached skill level 1 in Short Blades
  2062 | D:2      | Reached skill level 1 in Long Blades
  2062 | D:2      | Reached skill level 1 in Axes
  2062 | D:2      | Reached skill level 1 in Maces & Flails
  2062 | D:2      | Reached skill level 1 in Polearms
  2062 | D:2      | Reached skill level 1 in Staves
  2062 | D:2      | Reached skill level 1 in Slings
  2062 | D:2      | Reached skill level 1 in Bows
  2062 | D:2      | Reached skill level 1 in Crossbows
  2062 | D:2      | Reached skill level 1 in Armour
  2062 | D:2      | Reached skill level 1 in Dodging
  2062 | D:2      | Reached skill level 1 in Stealth
  2062 | D:2      | Reached skill level 1 in Unarmed Combat
  2062 | D:2      | Reached skill level 1 in Evocations
  2062 | D:2      | Reached XP level 4. HP: 10/32 MP: 0/8
  2675 | D:3      | Noticed Grinder
  2704 | D:3      | Reached skill level 1 in Conjurations
  2704 | D:3      | Reached skill level 1 in Hexes
  2704 | D:3      | Reached skill level 1 in Summonings
  2704 | D:3      | Reached skill level 1 in Translocations
  2704 | D:3      | Reached skill level 1 in Transmutations
  2704 | D:3      | Reached skill level 1 in Ice Magic
  2704 | D:3      | Reached skill level 1 in Earth Magic
  2704 | D:3      | Reached skill level 1 in Poison Magic
  2704 | D:3      | Reached XP level 5. HP: 14/37 MP: 0/9
  3079 | D:3      | Paralysed by Grinder for 3 turns
  3095 | D:3      | Killed Grinder
  3095 | D:3      | Reached XP level 6. HP: 44/44 MP: 3/11
  3570 | D:4      | Noticed a phantom
  3584 | D:4      | Killed a phantom
  3584 | D:4      | Reached XP level 7. HP: 49/50 MP: 2/12
  3697 | D:4      | Got an ancient iron ring
  3698 | D:4      | Identified the ring of Beddav {+Blink +Fly rPois Str-4
                  | Stlth+} (You found it on level 4 of the Dungeon)
  4389 | D:5      | Entered Level 5 of the Dungeon
  4445 | D:5      | Found an ornate altar of the Wu Jian Council.
  4472 | D:5      | Found a glowing golden altar of the Shining One.
  4826 | D:5      | Noticed a slime creature
  4827 | D:5      | Noticed a slime creature
  4827 | D:5      | Noticed a slime creature
  5187 | D:5      | Reached XP level 8. HP: 39/57 MP: 14/14
  5204 | D:5      | Found a radiant altar of Vehumet.
  5245 | D:5      | Reached skill level 6 in Air Magic
  5721 | D:6      | Noticed a hippogriff
  5722 | D:6      | Noticed a two-headed ogre
  5748 | D:6      | Learned a level 4 spell: Airstrike
  5783 | D:6      | Killed a hippogriff
  6100 | D:5      | Learned a level 3 spell: Static Discharge
  6532 | D:6      | Found a staircase to the Ecumenical Temple.
  6544 | Temple   | Entered the Ecumenical Temple
  6569 | Temple   | Became a worshipper of Makhleb the Destroyer
  6623 | D:6      | Reached XP level 9. HP: 62/65 MP: 16/16
  6951 | D:6      | HP: 1/65 [two-headed ogre/+0 giant spiked club (17)]
  6951 | D:6      | Slain by a two-headed ogre

Levels and vault maps discovered:
D:1:      wander_arrival_estate, layout_loops_corners, minivault_11
D:2:      layout_basic
D:3:      layout_basic, uniq_grinder
D:4:      layout_loops_ring, first_ration
D:5:      cheibrodos_fertilizer, layout_rooms, lemuel_doored_altar, basic_altar,
          tso_metal_star
D:6:      layout_layer_cave, minmay_temple_entry_junction_2, kb_rosetta
Temple:   eino_narrow_crystal_temple

Skill      XL: |  1  2  3  4  5  6  7  8 |
---------------+-------------------------+-----
Charms         | 2 3 |  3.8
Necromancy     | 2 3 |  3.8
Invocations    | 1 2 3 4 |  4.1
Fighting       | 1 2 3 |  3.7
Short Blades   | 1 2 3 |  3.7
Long Blades    | 1 2 3 |  3.7
Axes           | 1 2 3 |  3.7
Maces & Flails | 1 2 3 |  3.7
Polearms       | 1 2 3 |  3.7
Staves         | 1 2 3 |  3.7
Slings         | 1 2 3 |  3.7
Bows           | 1 2 3 |  3.7
Crossbows      | 1 2 3 |  3.7
Armour         | 1 2 3 |  3.7
Dodging        | 1 2 3 |  3.7
Stealth        | 1 2 3 |  3.7
Unarmed Combat | 1 2 3 |  3.7
Spellcasting   | 3 4 |  4.7
Evocations     | 1 2 3 |  3.7
Conjurations   | 1 2 3 |  3.0
Hexes          | 1 2 3 |  3.0
Summonings     | 1 2 3 |  3.0
Translocations | 1 2 3 |  3.0
Transmutations | 1 2 3 |  3.0
Ice Magic      | 1 2 3 |  3.0
Earth Magic    | 1 2 3 |  3.0
Poison Magic   | 1 2 3 |  3.0
Throwing       | 3 4 |  4.6
Shields        | 3 4 |  4.6
Fire Magic     | 4 |  4.9
Air Magic      | 6 |  6.3

Action                   |  1- 3 |  4- 6 |  7- 9 || total
-------------------------+-------+-------+-------++-------
Melee: Dagger            |    50 |    67 |    64 ||   181
       Bite              |     3 |     7 |     7 ||    17
       Punch             |       |     1 |     1 ||     2
       War axe           |       |       |    10 ||    10
Throw: Dart              |       |     3 |     9 ||    12
 Cast: Shock             |    61 |    56 |   227 ||   344
       Airstrike         |       |       |     4 ||     4
       Static Discharge  |       |       |     3 ||     3
Evoke: Wand              |       |       |     4 ||     4
  Use: Potion            |     2 |     4 |     4 ||    10
       Scroll            |       |     4 |     4 ||     8
 Stab: Sleeping          |     1 |       |       ||     1
  Eat: Chunk             |     4 |     5 |     8 ||    17
       Ration            |       |       |     1 ||     1
Armor: Robe              |    20 |       |       ||    20
       Leather armour    |       |    35 |    33 ||    68
Dodge: Dodged            |    37 |    61 |   103 ||   201
